 Dungeon Crawl Stone Soup version 0.28.0-53-g5a82cb258f (webtiles) character file.

Game seed: 13927694897446859738

124 Sin92 the Digger (level 4, 0/32 HPs)
             Began as a Demonspawn Earth Elementalist on July 7, 2022.
             Slain by a goblin
             ... wielding a +0 dagger
             ... led by Robin
              (2 damage)
             ... on level 2 of the Dungeon.
             The game lasted 00:06:18 (2413 turns).

Sin92 the Digger (Demonspawn Earth Elementalist)    Turns: 2413, Time: 00:06:18

Health: 0/32       AC:  7    Str: 10    XL:     4   Next: 81%
Magic:  5/7        EV:  9    Int: 17    God:
Gold:   35         SH:  0    Dex: 13    Spells: 7/8 levels left

rFire   . . .      SeeInvis .   e - +0 whip (venom)
rCold   . . .      Faith    .   (no shield)
rNeg    . . .      Spirit   .   h - +0 scale mail
rPois   .          Reflect  .   (no helmet)
rElec   .          Harm     .   a - +0 cloak
rCorr   .          Rampage  .   (no gloves)
Will    .....                   (no boots)
Stlth   ..........              (no amulet)
HPRegen 0.10/turn               (no ring)
MPRegen 0.20/turn               (no ring)

@: very slightly contaminated
A: claws 1, demonic guardian 1, magic regeneration
a: no special abilities


You were on level 2 of the Dungeon.
You visited 1 branch of the dungeon, and saw 2 of its levels.

You collected 35 gold pieces.

Inventory:

Hand Weapons
 e - a +0 whip of venom (weapon)
Missiles
 c - 56 stones
Armour
 a - a +0 cloak (worn)
 h - a +0 scale mail (worn)
Scrolls
 d - 2 scrolls of teleportation {unknown}


   Skills:
 + Level 1.3 Fighting
 + Level 1.1 Maces & Flails
 + Level 1.3 Armour
 + Level 2.4 Dodging
 - Level 1.7 Stealth
 + Level 2.6 Spellcasting
 + Level 1.6 Transmutations
 + Level 3.1 Earth Magic


You had 7 spell levels left.
You knew the following spells:

 Your Spells              Type           Power      Damage    Failure   Level
a - Sandblast             Erth           24%        2d8       34%         1

Your spell library contained the following spells:

 Spells                   Type           Power      Damage    Failure   Level
 Passwall                 Tmut/Erth      8%         N/A       56%         2
 Stone Arrow              Conj/Erth      14%        3d7       89%         3
 Petrify                  Tmut/Erth      10%        N/A       99%         4


Dungeon Overview and Level Annotations

Branches:
Dungeon (2/15)

Altars:

Annotations:
D:2 Robin


Innate Abilities, Weirdness & Mutations

You have sharp fingernails.
A weak demonic guardian rushes to your aid.
You regenerate magic rapidly.


Message History

The frilled lizard bites you but does no damage.
The goblin hits you but does no damage.
You hit Robin.
Robin is moderately wounded.
Robin completely misses you.
The frilled lizard bites you but does no damage.
The goblin hits you with a +0 dagger.
You barely miss Robin.
Robin is moderately wounded.
Robin barely misses you.
The frilled lizard bites you but does no damage.
The goblin hits you but does no damage.
You hit Robin.
Robin is heavily wounded.
Robin hits you with the +4 hand axe "Jiseyts" {freeze, rPois Int+3}.
Robin freezes you.
The frilled lizard bites you but does no damage.
The goblin hits you with a +0 dagger.
Unknown command.
Aiming: Sandblast (safe; 34% risk of failure)
Press: ? - help, Q - select action, (/) - cycle Shift-Dir - straight line, f - Robin
Aim: Robin, wielding the +4 hand axe "Jiseyts" {freeze, rPois Int+3}, wearing a +0 animal skin and wearing a +0 helmet (heavily wounded, 85% to hit)
The blast of sand misses Robin.
Robin hits you but does no damage. The frilled lizard barely misses you.
The goblin hits you with a +0 dagger.
Unknown command.
Aiming: Sandblast (safe; 34% risk of failure)
Press: ? - help, Q - select action, (/) - cycle Shift-Dir - straight line, f/p - Robin
Aim: Robin, wielding the +4 hand axe "Jiseyts" {freeze, rPois Int+3}, wearing a +0 animal skin and wearing a +0 helmet (heavily wounded, 85% to hit)
You miscast Sandblast.
You are very lightly contaminated with residual magic.
Nothing appears to happen.
Robin hits you with the +4 hand axe "Jiseyts" {freeze, rPois Int+3}.
* * * LOW HITPOINT WARNING * * *
Robin freezes you.
* * * LOW HITPOINT WARNING * * *
A demonic guardian appears!
The frilled lizard bites you.
* * * LOW HITPOINT WARNING * * *
The goblin hits you with a +0 dagger.
You die...

....# #. #.# .# ....#
#. #.# .# ...###.
#.##.###
########...##.##.#....
...........##..#.#..#
....................#
.........).# #......#
......!..5g####...#.#
.........gl@g...>.#.#
..........#######...#
..........# #...# ..
........### #...# ###.
.....$..# #...# ..#.
####....# #...# #.#.
#....# #...# #.#.
.....# #...# #.#.
#.#.#####.#.


You could see Robin, a hobgoblin (strong, ally target), a goblin (strong), a
frilled lizard and a friendly shadow imp (summoned).

Vanquished Creatures
  Natasha (thrice) (D:2)
  An adder (D:2)
  3 endoplasms (D:1)
  2 giant cockroaches (D:1)
  8 goblins
  4 hobgoblins
  2 quokkas (D:1)
  3 ball pythons (D:1)
  2 bats
  4 frilled lizards
  3 kobolds (D:1)
  3 rats
38 creatures vanquished.

Vanquished Creatures (collateral kills)
  3 goblins (D:2)
3 creatures vanquished.

Grand Total: 41 creatures vanquished

Notes
Turn   | Place    | Note
-------+----------+-------------------------------------------
     0 | D:1      | Sin92 the Demonspawn Earth Elementalist began the quest for
                  | the Orb.
     0 | D:1      | Reached XP level 1. HP: 13/13 MP: 3/3
   419 | D:1      | Reached skill level 1 in Transmutations
   784 | D:1      | Gained mutation: You regenerate magic rapidly. [demonic
                  | ancestry]
   784 | D:1      | Reached XP level 2. HP: 15/19 MP: 5/5
  1861 | D:2      | Gained mutation: A weak demonic guardian rushes to your
                  | aid. [demonic ancestry]
  1861 | D:2      | Reached XP level 3. HP: 21/25 MP: 6/6
  1958 | D:2      | Noticed Natasha
  1966 | D:2      | Killed Natasha
  1967 | D:2      | Reached skill level 1 in Fighting
  1967 | D:2      | Reached skill level 1 in Armour
  2100 | D:2      | Noticed Natasha
  2136 | D:2      | Killed Natasha
  2137 | D:2      | Reached skill level 1 in Maces & Flails
  2137 | D:2      | Reached skill level 3 in Earth Magic
  2137 | D:2      | Gained mutation: You have sharp fingernails. [demonic
                  | ancestry]
  2137 | D:2      | Reached XP level 4. HP: 12/32 MP: 1/7
  2395 | D:2      | Noticed Natasha
  2398 | D:2      | Identified the +4 hand axe "Jiseyts" {freeze, rPois Int+3}
  2398 | D:2      | Noticed Robin
  2403 | D:2      | Killed Natasha
  2413 | D:2      | Slain by a goblin

Illustrated notes

Levels and vault maps discovered:
D:1:      minmay_arrival_stair_chambers, layout_loops_ring
D:2:      layout_basic, shapermc_ecumenical_altar_starsandcircs,
          roderic_lattice_a, uniq_robin, uniq_natasha

Skill      XL: |  1  2  3 |
---------------+----------+-----
Transmutations | 1 |  1.6
Dodging        | 2 |  2.4
Fighting       | 1 |  1.3
Armour         | 1 |  1.3
Maces & Flails | 1 |  1.1
Earth Magic    | 3 |  3.1
Stealth        | |  1.7
Spellcasting   | |  2.6

Action                   |  1- 3 |  4- 6 || total
-------------------------+-------+-------++-------
Melee: Unarmed           |    26 |       ||    26
       Club              |    16 |       ||    16
       Whip              |    72 |    17 ||    89
       Punch             |     1 |     1 ||     2
 Cast: Sandblast         |    16 |     6 ||    22
  Use: Scroll            |     1 |       ||     1
       Potion            |     1 |       ||     1
 Stab: Sleeping          |     2 |       ||     2
Armor: Robe              |    11 |       ||    11
       Scale mail        |    34 |    22 ||    56
       Leather armour    |     6 |       ||     6
Dodge: Dodged            |    62 |    16 ||    78
